 Dungeon Crawl Stone Soup version 0.22-a0-402-ga933591 (webtiles) character file.

32 Kairos the Skirmisher (level 3, 20/20 HPs)
             Began as a Vine Stalker Fighter on May 6, 2018.
             Quit the game on level 1 of the Dungeon.
             The game lasted 00:00:45 (965 turns).

Kairos the Skirmisher (Vine Stalker Fighter)         Turns: 965, Time: 00:00:46

Health: 20/20      AC:  6    Str: 19    XL:     3   Next: 27%
Magic:  4/4        EV:  7    Int:  8    God:
Gold:   23         SH:  9    Dex: 13    Spells: 2/2 levels left

rFire    . . .     SeeInvis .   a - +0 war axe
rCold    . . .     Gourm    .   c - +0 shield
rNeg     . . .     Faith    .   b - +0 scale mail
rPois    .         Spirit   +   (no helmet)
rElec    .         Reflect  .   (no cloak)
rCorr    .         Harm     .   (no gloves)
MR       .....     Rnd*Tele +   (no boots)
Stlth    ..........             (no amulet)
HPRegen  0.06/turn              i - ring of teleportation (curse)
MPRegen  0.09/turn              (no ring)

@: no status effects
A: fangs 2, magic shield, antimagic bite, no potion heal 3, rot immunity
a: no special abilities


You were on level 1 of the Dungeon.
You were not hungry.

You visited 1 branch of the dungeon, and saw 1 of its levels.

You collected 23 gold pieces.

Inventory:

Hand Weapons
 a - a +0 war axe (weapon)
 e - a cursed -2 hunting sling
Missiles
 g - 44 stones (quivered)
Armour
 b - a +0 scale mail (worn)
 c - a +0 shield (worn)
Jewellery
 i - a cursed ring of teleportation (left hand)
Scrolls
 k - a scroll of identify {unknown}
Potions
 d - a potion of might
 h - 2 potions of flight {unknown}
 j - a potion of mutation {unknown}
Comestibles
 f - a ration


   Skills:
 + Level 3.0 Fighting
 + Level 2.1 Axes
 + Level 2.8 Armour
 + Level 0.2 Dodging
 + Level 0.2 Stealth
 + Level 2.9 Shields


You had 2 spell levels left.
You didn't know any spells.

Dungeon Overview and Level Annotations

Branches:
Dungeon (1/15)

Altars:


Innate Abilities, Weirdness & Mutations

You have extremely sharp teeth.
When hurt, damage is shared between your health and your magic reserves.
Your bite disrupts and absorbs the magic of your enemies.
Potions cannot restore your health.
You are immune to rotting.


Message History

You block the frilled lizard's attack.
You slash the frilled lizard!
You kill the frilled lizard!
No target in view!
No target in view!
Things that are here:
a frilled lizard corpse; a hobgoblin corpse
Things that are here:
a frilled lizard corpse; a hobgoblin corpse You see here a club.
You now have 23 gold pieces (gained 10).
k - a scroll labeled TITECU POGG Partly explored, can't reach some places.
No target in view!
Partly explored, can't reach some places.
No target in view!
Partly explored, can't reach some places.
You feel slightly jumpy.
Oops, that ring feels deathly cold.
i - a cursed ring of teleportation (left hand) Are you sure you want to abandon this character and quit the game? (Confirm with "yes".)

..#.#.#.#.#......######## #####.
.#..#.#...#....### ##.#...
.##.#.#####.#..# #####.....#
###.#.........## #.#.......# #
#.#.#####.### ####........##
###.#.#...#.# #####..........##
....#.#.#.#.# ##.........#.....##
##..#.#.#.#.###.......#.#......#.
#..#...#.#.##..@....###...<.####
#).#####.#.###..##.###.....#.#
#........#..######## #.###.###
##.#####.#.## ########
#.#...#.#.# #.#.##.# #.#.#.#.#.##
#.#.##.# ###.#.#.#.#..#
#...##.##### ....#.#...#..#
##..##...... ###.#.#####..#
#†.####....


There were no monsters in sight!

Vanquished Creatures
  2 dart slugs (D:1)
  A ball python (D:1)
  A bat (D:1)
  A giant cockroach (D:1)
  5 goblins (D:1)
  4 hobgoblins (D:1)
  3 frilled lizards (D:1)
  7 kobolds (D:1)
  4 rats (D:1)
28 creatures vanquished.

Notes
Turn   | Place    | Note
-------+----------+-------------------------------------------
     0 | D:1      | Kairos the Vine Stalker Fighter began the quest for the Orb.
     0 | D:1      | Reached XP level 1. HP: 11/11 MP: 2/2
    37 | D:1      | Reached XP level 2. HP: 9/16 MP: 3/3
   474 | D:1      | Reached skill level 3 in Fighting
   581 | D:1      | Reached XP level 3. HP: 19/20 MP: 4/4
   965 | D:1      | Quit the game

Vault maps used:
D:1:      dpeg_arrival_arbitrary_a, st_stairs_13, serial_bayou_pond_d,
          kennysheep_decorative_pillar, roderic_lattice_a

Skill      XL: |  1  2 |
---------------+-------+-----
Fighting       | 3 |  3.0
Axes           | 2 |  2.1
Armour         | |  2.8
Dodging        | |  0.2
Stealth        | |  0.2
Shields        | |  2.9

Action                   || total
-------------------------++-------
Melee: War axe           ||    75
       Bite              ||    16
Armor: Scale mail        ||    38
Dodge: Dodged            ||    27
Block: Shield            ||    33

Table legend:
 A = Spawn XP
 B = Non-spawn XP
 C = Spawn XP percentage of total XP
 D = Spawn monster count
 E = Non-spawn monster count
 F = Spawn count percentage of total count
 G = Total turns spent on level
                    A         B        C        D         E        F      G
               +---------+---------+-------+---------+---------+-------+---------
         Total |       0 |      47 |   0.0 |       0 |      28 |   0.0 |   965
               +---------+---------+-------+---------+---------+-------+---------
           D:1 |       0 |      47 |   0.0 |       0 |      28 |   0.0 |   965
               +---------+---------+-------+---------+---------+-------+---------
